 Dungeon Crawl Stone Soup version 0.17.1-3-g152610e (webtiles) character file.

12453 Gargoyl the Blocker (level 11, -9/86 HPs)
             Began as a Demonspawn Abyssal Knight on Mar 10, 2016.
             Was the Champion of Lugonu.
             Mangled by a stone giant (30 damage)
             ... on level 4 of the Orcish Mines.
             The game lasted 00:41:51 (18709 turns).

Gargoyl the Blocker (Demonspawn Abyssal Knight)    Turns: 18709, Time: 00:41:51

Health: -9/86      AC: 17    Str: 16    XL:     11   Next: 62%
Magic:  10/14      EV:  3    Int: 13    God:    Lugonu [******]
Gold:   1099       SH: 17    Dex: 13    Spells: 0 memorised, 10 levels left

rFire  + + .     SeeInvis +     r - +2 war axe (freeze)
rCold  + + .     Clarity  +     R - +0 plate armour
rNeg   . . .     SustAt   .     D - +1 large shield
rPois  .         Gourm    .     (helmet unavailable)
rElec  .         Spirit   .     (no cloak)
rCorr  .         Warding  .     (no gloves)
rMut   .         Stasis   .     O - +2 pair of boots
MR     .....                    n - amulet of clarity
Stlth  ..........               s - ring of protection from cold
                                m - ring of protection from cold

@: drained, not resistant to hostile enchantments, extremely unstealthy
A: hooves 1, horns 3, see invisible, demonic guardian 1, fire resistance 2, wild
magic 1
a: Depart the Abyss, Bend Space, Banish, Corrupt, Enter the Abyss, Brand Weapon
With Distortion, Renounce Religion


You were on level 4 of the Orcish Mines.
You worshipped Lugonu.
Lugonu was exalted by your worship.
You were not hungry.

You visited 2 branches of the dungeon, and saw 14 of its levels.
You visited the Abyss 1 time.

You collected 1428 gold pieces.
You spent 329 gold pieces at shops.

Inventory:

Hand Weapons
 r - a +2 war axe of freezing (weapon)
 u - a +3 war axe
 w - a +0 war axe of flaming
Missiles
 e - 39 tomahawks (quivered)
Armour
 D - a +1 large shield (worn)
 O - a +2 pair of boots (worn)
 R - a +0 plate armour (worn)
Jewellery
 m - a ring of protection from cold (left hand)
 n - an amulet of clarity (around neck)
 s - a ring of protection from cold (right hand)
Wands
 i - a wand of flame (22)
 p - a wand of slowing (23)
 G - a wand of paralysis (13)
 M - a wand of polymorph (7)
 N - a wand of magic darts (38)
Scrolls
 b - 2 scrolls of fog
 d - 7 scrolls of identify
 h - 4 scrolls of teleportation
 k - 3 scrolls of remove curse
 z - a scroll of fear
Potions
 c - 2 potions of curing
 g - a potion of brilliance
 j - a potion of magic {unknown}
 v - a potion of cancellation
Books
 l - the Disquisition on Glamour
   (You found it on level 8 of the Dungeon)

   Spells                             Type                      Level
   a - Ensorcelled Hibernation        Hexes/Ice                    2
   b - Leda's Liquefaction            Hexes/Earth                  4
   c - Metabolic Englaciation         Hexes/Ice                    5
 J - a book of the Tempests

   Spells                             Type                      Level
   a - Static Discharge               Conjuration/Air              3
   b - Lightning Bolt                 Conjuration/Air              5
   c - Fireball                       Conjuration/Fire             5
   d - Tornado                        Air                          9
   e - Shatter                        Earth                        9
Comestibles
 a - 3 beef jerkies
 f - 2 slices of pizza
 q - 7 royal jellies
 x - a meat ration
 H - 3 bread rations


   Skills:
 + Level 8.1(7.9) Fighting
 + Level 7.7(7.4) Axes
 + Level 2.3(2.1) Throwing
 + Level 8.5(8.3) Armour
 + Level 4.1(3.9) Dodging
 + Level 2.3(2.1) Stealth
 + Level 9.2(9.0) Shields
 + Level 4.8(4.6) Invocations


You had 10 spell levels left.
You didn't know any spells.

Dungeon Overview and Level Annotations

Branches:
Dungeon (10/15)            Temple (0/1) D:5             Orc (4/4) D:10
    Elf (0/3) Orc:3
   Lair: D:8-11

Altars:
Cheibriados
Dithmenos
Elyvilon
Makhleb
Okawaru
Qazlal
Sif Muna
Trog
Vehumet
Beogh

Shops:
D:4 =   D:8 !*(   Orc:3 (

Annotations:
Abyss:1 Erica, Maud, Snorg


Innate Abilities, Weirdness & Mutations

You have large cloven feet.
You have a pair of large horns on your head.
A weak demonic guardian rushes to your aid.
You have supernaturally acute eyesight.
Your flesh is very heat resistant.
Your spells are a little harder to cast, but a little more powerful.


Message History

There is a stone staircase leading up, spattered with blood here.
Things that are here:
a leather armour; a club You climb upwards.
Your summoned ally is left behind.
There is a stone staircase leading down here.
You start resting.
HP restored.
You climb downwards.
You block the orc's attack. The stone giant hits you!!
The orc hits you but does no damage. x2
You block the orc's attack. The stone giant hits you!!!
* * * LOW HITPOINT WARNING * * *
There is a stone staircase leading up, spattered with blood here.
Things that are here:
a leather armour; a club
Press: ? - help, Shift-Dir - straight line, f - stone giant
Aim: a stone giant (chance to defeat MR: 23%)
The stone giant resists with almost no effort.
You feel somewhat more hungry. You block the orc's attack.
The orc barely misses you. The stone giant hits you!!
You die...

.# .# ..... .. .. #....
###.##.. #....##......
.. #..........# ....
#........# #.#..#
##...#.## .......
..##..5C..)##..#....
.......o@)......#.....
#.##...ooo[............
###....(...........#
#..................#
#....................
#........(.....#.#..#
##................##
#.........((.(....^##
#...................#


You could see a stone giant, 4 orcs and a friendly white imp.

Vanquished Creatures
  Pikel (D:5)
  Joseph (D:9)
  A troll (Orc:2)
  Grinder (D:6)
  4 yaks (D:9)
  2 hungry ghosts
  2 wargs (Orc:3)
  A soldier ant (D:9)
  An ice beast (D:9)
  4 phantoms
  A slave (D:5)
  A wasp (D:9)
  15 orc warriors
  5 sky beasts
  13 ogres
  3 centaurs
  A brain worm (D:9)
  6 giant frogs
  5 scorpions
  10 killer bees (D:9)
  2 centaur zombies
  18 orc priests
  3 crimson imps
  A centaur skeleton (D:9)
  5 hounds
  A quasit (D:9)
  8 worker ants
  16 orc wizards
  4 iguanas
  2 killer bee zombies (D:8)
  A hound skeleton (D:8)
  11 adders
  8 gnolls
  4 adder skeletons
  An adder zombie (D:5)
  3 worms
  4 giant geckos
  166 orcs
  9 bats
  11 giant cockroaches
  9 hobgoblins
  7 jackals
  3 quokkas
  5 giant newts
  11 goblins
  8 kobolds
  A quokka skeleton (D:4)
  A quokka zombie (D:8)
  3 rats
404 creatures vanquished.

Vanquished Creatures (collateral kills)
  Sonja (Orc:2)
  A hill giant (D:10)
  A hippogriff (D:9)
  A slave (D:6)
  Duvessa (D:6)
  An orc warrior (D:10)
  An ice beast (D:7)
  A giant frog (D:6)
  Dowan (D:6)
  A killer bee (D:9)
  2 orc wizards
  A hound skeleton (D:10)
  A shadow imp (D:9)
  8 orcs
22 creatures vanquished.

Vanquished Creatures (others)
  An orc knight (D:9)
  A cyclops (D:8)
  2 orc warriors
  2 slaves (D:6)
  An ogre (Orc:1)
  An orc priest (D:6)
  An orc wizard (D:9)
  An orc (D:8)
10 creatures vanquished.

Grand Total: 436 creatures vanquished

Notes
Turn   | Place    | Note
--------------------------------------------------------------
     0 | Abyss:1  | Gargoyl the Demonspawn Abyssal Knight began the quest for the Orb.
     0 | Abyss:1  | Reached XP level 1. HP: 18/18 MP: 2/2
    35 | Abyss:1  | Noticed a neqoxec
    45 | Abyss:1  | Noticed an iron imp
    45 | Abyss:1  | Noticed a bone dragon
    48 | D:1      | Escaped the Abyss
   186 | D:1      | Reached skill level 1 in Dodging
   443 | D:1      | Gained mutation: You have large cloven feet. [demonic ancestry]
   443 | D:1      | Reached XP level 2. HP: 24/24 MP: 4/4
   520 | D:1      | Reached * piety under Lugonu
  1275 | D:2      | Reached XP level 3. HP: 16/29 MP: 5/5
  1423 | D:2      | Found a deep blue altar of Sif Muna.
  2015 | D:2      | Gained mutation: You have a pair of small horns on your head. [demonic ancestry]
  2015 | D:2      | Reached XP level 4. HP: 21/35 MP: 6/6
  2372 | D:2      | Found a stormy altar of Qazlal.
  3072 | D:3      | Reached XP level 5. HP: 15/42 MP: 7/7
  3082 | D:3      | Reached ** piety under Lugonu
  3252 | D:3      | Found an iron altar of Okawaru.
  3343 | D:3      | Found a faded altar to an unknown god.
  3757 | D:4      | Gained mutation: A weak demonic guardian rushes to your aid. [demonic ancestry]
  3757 | D:4      | Reached XP level 6. HP: 30/48 MP: 8/8
  3936 | D:4      | Noticed an ogre
  3950 | D:4      | Killed an ogre
  3950 | D:4      | Reached skill level 4 in Fighting
  4124 | D:4      | Found Ybucw's Jewellery Emporium.
  4292 | D:4      | Found a shadowy altar of Dithmenos.
  4391 | D:5      | Entered Level 5 of the Dungeon
  4447 | D:5      | Found a staircase to the Ecumenical Temple.
  5031 | D:5      | Reached skill level 1 in Shields
  5116 | D:5      | Gained mutation: You have a pair of horns on your head. [demonic ancestry]
  5116 | D:5      | Reached XP level 7. HP: 52/54 MP: 9/9
  5465 | D:6      | Reached *** piety under Lugonu
  5967 | D:6      | Noticed Pikel
  6135 | D:5      | Killed Pikel
  6135 | D:5      | Reached skill level 5 in Fighting
  6135 | D:5      | Reached skill level 1 in Throwing
  6135 | D:5      | Reached skill level 5 in Armour
  6135 | D:5      | Reached skill level 1 in Stealth
  6135 | D:5      | Reached XP level 8. HP: 18/62 MP: 10/10
  6420 | D:6      | Noticed Duvessa
  6421 | D:6      | Noticed Dowan
  6427 | D:6      | Killed Duvessa
  6433 | D:6      | Killed Dowan
  7091 | D:6      | Noticed Grinder
  7102 | D:6      | Killed Grinder
  7482 | D:7      | Reached skill level 6 in Armour
  7498 | D:7      | Reached XP level 9. HP: 68/68 MP: 11/11
  7582 | D:7      | Gained mutation: Scrolls take you a little longer to read. [mutagenic meat]
  7583 | D:7      | Gained mutation: You are dopey. (Int -2) [mutagenic meat]
  7585 | D:7      | Gained mutation: You can breathe flames. [mutagenic meat]
  7586 | D:7      | Gained mutation: You expend magic power (3 MP) to strengthen your wands. [mutagenic meat]
  7591 | D:7      | Gained mutation: Your muscles are strong. (Str +2) [potion of mutation]
  7591 | D:7      | Gained mutation: You are frail (-10% HP). [potion of mutation]
  7594 | D:7      | Lost mutation: You can breathe flames. [potion of cure mutation]
  7594 | D:7      | Lost mutation: You are dopey. (Int -2) [potion of cure mutation]
  7594 | D:7      | Lost mutation: You expend magic power (3 MP) to strengthen your wands. [potion of cure mutation]
  7594 | D:7      | Lost mutation: Scrolls take you a little longer to read. [potion of cure mutation]
  7653 | D:7      | Reached skill level 5 in Shields
  8268 | D:7      | Gained mutation: Your flesh is heat resistant. [mutagenic meat]
  8269 | D:7      | Gained mutation: Your flesh is cold resistant. [mutagenic meat]
  8481 | D:7      | Found a bloodstained altar of Trog.
  8481 | D:7      | Found a white marble altar of Elyvilon.
  8582 | D:8      | Found Onemi's Antique Weapon Emporium.
  8585 | D:8      | Bought a runed war axe for 94 gold pieces
  8635 | D:8      | Bought a runed battleaxe for 175 gold pieces
  8656 | D:8      | Reached skill level 5 in Axes
  8748 | D:8      | Reached **** piety under Lugonu
  8971 | D:8      | Found a radiant altar of Vehumet.
  9005 | D:8      | Found Asmulun's General Store.
  9088 | D:8      | Found Uruuck's Distillery.
  9166 | D:8      | Bought a potion of mutation for 30 gold pieces
  9166 | D:8      | Bought a potion of mutation for 30 gold pieces
  9166 | D:8      | Lost mutation: Your muscles are strong. (Str +2) [potion of mutation]
  9166 | D:8      | Gained mutation: You have a pair of large horns on your head. [potion of mutation]
  9166 | D:8      | Gained mutation: Your spells are a little harder to cast, but a little more powerful. [potion of mutation]
  9167 | D:8      | Gained mutation: You have supernaturally acute eyesight. [potion of mutation]
  9183 | D:8      | Lost mutation: Your flesh is cold resistant. [potion of mutation]
  9183 | D:8      | Gained mutation: Your flesh is very heat resistant. [potion of mutation]
  9317 | D:8      | Noticed a cyclops
  9327 | D:8      | Banished a cyclops
  9604 | D:8      | Found a snail-covered altar of Cheibriados.
  9608 | D:8      | Identified the Disquisition on Glamour
  9683 | D:8      | Gained mutation: Your spells are harder to cast, but more powerful. [mutagenic meat]
  9685 | D:8      | Gained mutation: Armour fits poorly on your strangely shaped body. [mutagenic meat]
  9686 | D:8      | Lost mutation: Your spells are harder to cast, but more powerful. [mutagenic meat]
 10478 | D:9      | Reached XP level 10. HP: 69/69 MP: 13/13
 10589 | D:9      | Noticed Joseph
 10851 | D:9      | Reached skill level 7 in Armour
 12122 | D:9      | Killed Joseph
 12576 | D:9      | Lost mutation: Armour fits poorly on your strangely shaped body. [mutagenic meat]
 12577 | D:9      | Lost mutation: You are frail (-10% HP). [mutagenic meat]
 12608 | D:9      | Reached ***** piety under Lugonu
 12868 | D:10     | Entered Level 10 of the Dungeon
 12922 | D:10     | Found a roughly hewn altar of Beogh.
 13169 | D:10     | Found a staircase to the Orcish Mines.
 13610 | Orc:1    | Entered Level 1 of the Orcish Mines
 13660 | Orc:1    | Noticed Snorg
 13666 | Orc:1    | Banished Snorg
 13666 | Orc:1    | Reached skill level 8 in Shields
 13694 | Orc:1    | Noticed an orc knight
 13771 | D:9      | Banished an orc knight
 14059 | D:10     | Reached XP level 11. HP: 85/85 MP: 14/14
 14329 | D:10     | Noticed a hill giant
 14332 | D:10     | Killed a hill giant
 14887 | Orc:1    | Found a burning altar of Makhleb.
 15264 | Orc:2    | Found a burning altar of Makhleb.
 15379 | Orc:2    | Noticed Sonja
 15397 | Orc:1    | Noticed Erica
 15401 | Orc:1    | Banished Erica
 15932 | Orc:2    | Killed Sonja
 16145 | Orc:3    | Found a staircase to the Elven Halls.
 16459 | Orc:3    | Noticed Maud
 16690 | Orc:2    | Banished Maud
 16690 | Orc:2    | Reached skill level 9 in Shields
 16812 | Orc:3    | Found Oskaggatz's Antique Weapon Emporium.
 17108 | Orc:3    | Reached ****** piety under Lugonu
 17967 | Orc:4    | Entered Level 4 of the Orcish Mines
 18220 | Orc:4    | Noticed a stone giant
 18709 | Orc:4    | Mangled by a stone giant

Action                   |  1- 3 |  4- 6 |  7- 9 | 10-12 || total
-------------------------+-------+-------+-------+-------++-------
Melee: Hand axe          |   153 |   250 |   178 |       ||   581
       War axe           |       |       |   276 |   754 ||  1030
       Unarmed           |       |       |     2 |       ||     2
Throw: Tomahawk          |     8 |     2 |     5 |     8 ||    23
       Javelin           |       |     3 |    15 |    11 ||    29
Invok: Depart the Abyss  |     1 |       |       |       ||     1
       Banish            |       |       |     3 |     8 ||    11
  Use: Potion            |       |     1 |    12 |     8 ||    21
       Scroll            |       |       |    19 |     4 ||    23
 Stab: Distracted        |       |       |     2 |     4 ||     6
  Eat: Bread ration      |     1 |       |       |     1 ||     2
       Chunk             |       |    10 |    27 |    20 ||    57
       Royal jelly       |       |       |     1 |     2 ||     3
       Beef jerky        |       |       |     1 |     1 ||     2
       Meat ration       |       |       |     1 |       ||     1
       Fruit             |       |       |       |     6 ||     6
